 Dungeon Crawl Stone Soup version 0.27-a0-25-g087482e4d5 (webtiles) character file.

Game seed: 1863048782500437096

83 DocSulfur the Sneak (level 4, -2/24 HPs)
             Began as a Kobold Enchanter on Jan 3, 2021.
             Slain by an orc
             ... wielding a +0 flail
              (7 damage)
             ... on level 2 of the Dungeon.
             The game lasted 00:03:26 (1221 turns).

DocSulfur the Sneak (Kobold Enchanter)              Turns: 1221, Time: 00:03:26

Health: -2/24      AC:  2    Str:  5    XL:     4   Next: 71%
Magic:  5/8        EV: 15    Int: 16    God:
Gold:   91         SH:  0    Dex: 16    Spells: 2/8 levels left

rFire    . . .     SeeInvis .   a - +1 dagger
rCold    . . .     Faith    .   (shield restricted)
rNeg     + . .     Spirit   .   b - +0 robe
rPois    .         Reflect  .   (no helmet)
rElec    .         Harm     .   (no cloak)
rCorr    .         Rampage  .   (no gloves)
Will     .....                  (no boots)
Stlth    ++++......             (no amulet)
HPRegen  0.08/turn              k - ring of positive energy
MPRegen  0.11/turn              (no ring)

@: no status effects
A: small, nightstalker 3
a: no special abilities


You were on level 2 of the Dungeon.
You visited 1 branch of the dungeon, and saw 2 of its levels.

You collected 91 gold pieces.

Inventory:

Hand Weapons
 a - a +1 dagger (weapon)
Armour
 b - a +0 robe (worn)
 l - a +2 leather armour of cold resistance
Jewellery
 k - a ring of positive energy (left hand)
Scrolls
 c - 3 scrolls of enchant weapon {unknown}
 d - 2 scrolls of identify {unknown}
 e - a scroll of fog {unknown}
 f - a scroll of random uselessness {unknown}
 h - 2 scrolls of remove curse {unknown}
 j - a scroll of teleportation {unknown}
Potions
 g - 2 potions of brilliance {unknown}
 i - a potion of lignification {unknown}
 m - a potion of degeneration {unknown}
 n - a potion of ambrosia {unknown}


   Skills:
 - Level 1.3 Short Blades
 - Level 2.4 Dodging
 - Level 4.0 Stealth
 + Level 2.8 Spellcasting
 + Level 1.4 Conjurations
 + Level 3.4 Hexes
 * Level 2.3 Ice Magic


You had 2 spell levels left.
You knew the following spells:

 Your Spells              Type           Power        Failure   Level
a - Corona                Hex            14%          4%          1
b - Ensorcelled Hibernat  Hex/Ice        22%          9%          2
c - Confusing Touch       Hex            13%          14%         3

Your spell library contained the following spells:

 Spells                   Type           Power        Failure   Level
 Tukima's Dance           Hex            13%          14%         3
 Dazzling Flash           Conj/Hex       20%          21%         3


Dungeon Overview and Level Annotations

Branches:
Dungeon (2/15)

Altars:


Innate Abilities, Weirdness & Mutations

You are small and have problems with some larger weapons.
You are completely attuned to the shadows.


Message History

The orc priest invokes the aid of Beogh against you.
Beogh smites you! The orc closely misses you.
A quokka comes into view.
You barely miss the orc priest.
The orc priest begins to cast a cantrip, but forgets the words!
The orc hits you but does no damage. The orc hits you with a +0 flail.
You closely miss the orc priest. The orc priest hits you. The orc misses you.
The orc hits you but does no damage.
You hit the orc priest but do no damage.
The orc priest invokes the aid of Beogh against you.
Pain shoots through your body! The orc closely misses you.
You hit the orc priest but do no damage.
The orc hits you with a +0 flail.
* * * LOW HITPOINT WARNING * * *
The orc priest closely misses you. The orc hits you but does no damage.
You hit the orc priest but do no damage.
The orc priest appears confused.
The orc priest looks very confused.
The orc hits you with a +0 flail!
You die...

...........####.......
###.#####............
#.# ######.######
.###.## #.# ......#
#.# ..##..# #.#
....).# #.# #.#.o.#
#.# #..ro@# #.#
###..## #.# #o.#
######.# #... .>.##.#
##. #.##.# #....#
#.#### #.#
#####)#########


You could see an orc priest (confused), 2 orcs and a quokka.

Vanquished Creatures
  An orc priest (D:2)
  2 adders (D:2)
  A worm (D:2)
  2 dart slugs (D:1)
  A leopard gecko (D:1)
  3 bats
  A giant cockroach (D:1)
  2 goblins
  4 hobgoblins
  A quokka (D:2)
  A ball python (D:1)
  A frilled lizard (D:2)
  5 kobolds (D:1)
  3 rats (D:1)
28 creatures vanquished.

Notes
Turn   | Place    | Note
-------+----------+-------------------------------------------
     0 | D:1      | DocSulfur the Kobold Enchanter began the quest for the Orb.
     0 | D:1      | Reached XP level 1. HP: 10/10 MP: 3/3
   158 | D:1      | Reached XP level 2. HP: 15/15 MP: 5/5
   182 | D:1      | Reached skill level 1 in Ice Magic
   531 | D:1      | Reached XP level 3. HP: 19/19 MP: 4/6
   590 | D:1      | Learned a level 2 spell: Ensorcelled Hibernation
   607 | D:1      | Learned a level 3 spell: Confusing Touch
   823 | D:2      | Reached skill level 1 in Conjurations
   948 | D:2      | Reached XP level 4. HP: 24/24 MP: 6/8
  1221 | D:2      | Slain by an orc

Illustrated notes

Levels and vault maps discovered:
D:1:      dpeg_arrival_water_altar, layout_loops_ring, minmay_misc_feat_rows
D:2:      layout_loops_ring, minitemple

Skill      XL: |  1  2  3  4 |
---------------+-------------+-----
Ice Magic      | 1 2 |  2.3
Conjurations   | 1 |  1.4
Short Blades   | |  1.3
Dodging        | |  2.4
Stealth        | |  4.0
Spellcasting   | |  2.8
Hexes          | |  3.4

Action                   |  1- 3 |  4- 6 || total
-------------------------+-------+-------++-------
Melee: Dagger            |    28 |    31 ||    59
 Cast: Corona            |     2 |     6 ||     8
       Confusing Touch   |       |     1 ||     1
 Stab: Sleeping          |    19 |     2 ||    21
Armor: Robe              |       |    12 ||    12
Dodge: Dodged            |     5 |    40 ||    45

Table legend: (Time is in decaauts)
 A = Elapsed time spent in this place.
 B = Non-inter-level travel time spent in this place.
 C = Inter-level travel time spent in this place.
 D = Time resting spent in this place.
 E = Time spent auto-exploring this place.
 F = Levels seen in this place.
 G = Mean time per level.
                   A        B        C        D        E       F      G
               +--------+--------+--------+--------+--------+-----+--------+
         Total |   1221 |   1210 |     11 |      0 |    976 |   2 |  610.5 |
       Dungeon |   1221 |   1210 |     11 |      0 |    976 |   2 |  610.5 |
               +--------+--------+--------+--------+--------+-----+--------+

Top non-repeatable levels by time:
     D:1: 805 daAuts
     D:2: 416 daAuts
